 Dungeon Crawl Stone Soup version 0.29-a0-320-g9f8742066b (webtiles) character file.

Game seed: 6705995415823403994

43 YayAnonymity the Shield-Bearer (level 3, 0/29 HPs)
             Began as a Formicid Fighter on Apr 3, 2022.
             Slain by a goblin
             ... wielding a +0 dagger
             ... led by Robin
              (3 damage)
             ... on level 2 of the Dungeon.
             The game lasted 00:01:16 (1015 turns).

YayAnonymity the Shield-Bearer (Formicid Fighter)   Turns: 1015, Time: 00:01:17

Health: 0/29       AC:  6    Str: 22    XL:     3   Next: 82%
Magic:  3/3        EV:  9    Int:  7    God:
Gold:   30         SH:  4    Dex: 10    Spells: 2/2 levels left

rFire   . . .      SeeInvis +   f - +2 hand axe (vorpal)
rCold   . . .      Faith    .   c - +0 buckler
rNeg    . . .      Spirit   .   b - +0 scale mail
rPois   .          Reflect  .   (helmet unavailable)
rElec   .          Harm     .   (no cloak)
rCorr   .          Rampage  .   (no gloves)
Will    .....                   (no boots)
Stlth   ..........              (no amulet)
HPRegen 0.09/turn               (no ring)
MPRegen 0.08/turn               (no ring)

@: mighty
A: permanent stasis, dig shafts and tunnels, antennae 3, four strong arms
a: Dig, Shaft Self


You were on level 2 of the Dungeon.
You visited 1 branch of the dungeon, and saw 2 of its levels.

You collected 30 gold pieces.

Inventory:

Hand Weapons
 a - a +0 war axe
 f - a +2 vorpal hand axe (weapon)
Armour
 b - a +0 scale mail (worn)
 c - a +0 buckler (worn)
Scrolls
 e - 2 scrolls of holy word {unknown}
 h - a scroll of immolation {unknown}
 j - a scroll of identify {unknown}
Potions
 g - 3 potions of haste {unknown}
 i - a potion of heal wounds {unknown}
 k - a potion of mutation {unknown}


   Skills:
 - Level 3.2 Fighting
 * Level 3.3 Axes
 - Level 3.2 Armour
 + Level 4.2 Shields


You had 2 spell levels left.
You didn't know any spells.
Your spell library was empty.

Dungeon Overview and Level Annotations

Branches:
Dungeon (2/15)

Altars:

Annotations:
D:2 Robin


Innate Abilities, Weirdness & Mutations

You cannot be hasted, slowed, berserked, paralysed or teleported.
You can dig through walls and to a lower floor.
You have a pair of large antennae on your head. (SInv)
Your four strong arms can wield two-handed weapons with a shield.


Message History

The goblin wields a +0 hunting sling.
The goblin shoots a sling bullet.
The sling bullet hits you.
You closely miss the goblin. You hit the rat. You barely miss the goblin.
The goblin closely misses you. The goblin hits you with a +0 club.
Robin throws the goblin at you! You block the rat's attack.
The goblin hits you but does no damage.
You hit the rat.
You kill the rat!
You hit the goblin.
You kill the goblin!
You hit the goblin.
You kill the goblin!
You completely miss the goblin. You closely miss the goblin.
Robin throws the goblin at you! The goblin hits you with a +0 club. x2
* * * LOW HITPOINT WARNING * * *
The goblin hits you with a +0 dagger.
* * * LOW HITPOINT WARNING * * *
You hit the goblin.
The goblin is severely wounded.
You hit the kobold. You hit the goblin.
You kill the goblin!
You hit the goblin.
You kill the goblin!
You hit the goblin.
You kill the goblin!
You block the goblin's attack. The kobold hits you but does no damage.
You feel very mighty all of a sudden. The goblin hits you with a +0 dagger.
* * * LOW HITPOINT WARNING * * *
The kobold hits you with a +0 dagger.
* * * LOW HITPOINT WARNING * * *
The goblin barely misses you. The goblin hits you but does no damage.
Things that are here:
a +0 club; a goblin corpse You are too injured to fight recklessly!
You are too injured to fight recklessly!
You slash the kobold!
You kill the kobold!
You barely miss the goblin. x2; The goblin hits you with a +0 dagger.
You die... .<....... ........# #######.. ........# # .# ........ # .. #.....## # ##.{ #...w.. # .. #ggJ{

##.# #######gg# {# ##
#..# ......g)g# .#
.###.## #######@#...#
......## ##......#.[.###
####...###..###.....?)..
###..#...............###
#........>...........#
............##...#....#
###.##.....<#########...
#.###.##### ### #.##..#


You could see a worm, Robin, an endoplasm, a hobgoblin (strong) and 4 goblins.

Vanquished Creatures
  A dart slug (D:2)
  4 ball pythons
  5 endoplasms (D:1)
  8 goblins
  A hobgoblin (D:1)
  6 jackals
  3 kobolds
  A quokka (D:1)
  2 bats (D:1)
  A rat (D:2)
32 creatures vanquished.

Notes
Turn   | Place    | Note
-------+----------+-------------------------------------------
     0 | D:1      | YayAnonymity the Formicid Fighter began the quest for the
                  | Orb.
     0 | D:1      | Reached XP level 1. HP: 18/18 MP: 1/1
   210 | D:1      | Reached XP level 2. HP: 24/24 MP: 2/2
   392 | D:1      | Reached skill level 4 in Shields
   538 | D:1      | Reached XP level 3. HP: 29/29 MP: 3/3
  1008 | D:2      | Noticed Robin
  1015 | D:2      | Slain by a goblin

Illustrated notes

Levels and vault maps discovered:
D:1:      saegor_arrival_simple_e, layout_loops_cross, serial_park_tiny_1
D:2:      layout_rooms, serial_shops, nicolae_shop_bloodbath_and_beyond,
          basic_altar, kennysheep_minor_cross,
          wander_ebering_terrifying_dragon_lair, uniq_natasha, uniq_robin

Skill      XL: |  1  2  3 |
---------------+----------+-----
Shields        | 4 |  4.2
Axes           | 3 |  3.3
Fighting       | |  3.2
Armour         | |  3.2

Action                   || total
-------------------------++-------
Melee: War axe           ||     7
       Hand axe          ||    47
  Use: Potion            ||     1
Armor: Scale mail        ||    19
Dodge: Dodged            ||    29
Block: Buckler           ||    12

Table legend: (Time is in decaauts)
 A = Elapsed time spent in this place.
 B = Non-inter-level travel time spent in this place.
 C = Inter-level travel time spent in this place.
 D = Time resting spent in this place.
 E = Time spent auto-exploring this place.
 F = Levels seen in this place.
 G = Mean time per level.
                   A        B        C        D        E       F      G
               +--------+--------+--------+--------+--------+-----+--------+
         Total |   1025 |   1010 |     15 |      0 |    854 |   2 |  512.5 |
       Dungeon |   1025 |   1010 |     15 |      0 |    854 |   2 |  512.5 |
               +--------+--------+--------+--------+--------+-----+--------+

Top non-repeatable levels by time:
     D:1: 853 daAuts
     D:2: 172 daAuts
